AoeStats
← marius.zwei91

Arabia

508956849Analyzed
1v1 RM · 9d ago on Sep 24, 2026· 40m 39s· 2 players
Game mode
Random Map
Map size
Tiny (2 player)
Population
200
Speed
Normal
Resources
Standard
Victory
Conquest
Starting age
Dark Age
Ending age
Imperial Age
RankedLock teamsTeams togetherTeam positionsShared explorationLock speedFull tech treeHidden civsTurbo modeCheats
Victory
Defeat
🇪🇸 Malians · Spain
795
+16
🇩🇪 Vietnamese · Germany
801
-16
davalgo_92
3:56 Loom
10:28 Feudal Age
11:16 Double-Bit Axe
11:15 Horse Collar
18:05 Gold Mining
21:40 Castle Age
20:32 Padded Archer Armor
21:54 Fletching
22:38 Bow Saw
22:34 Heavy Plow
23:48 Leather Archer Armor
25:45 Town Watch
26:36 Wheelbarrow
30:44 Forging
30:40 Scale Barding Armor
30:58 Husbandry
31:11 Bloodlines
32:47 Gold Shaft Mining
33:05 Iron Casting
32:50 Chain Barding Armor
38:14 Imperial Age
36:12 Town Patrol
36:28 Hand Cart
39:21 Conscription
39:58 Plate Barding Armor
38:48 Cavalier
41:27 Crop Rotation
marius.zwei91
8:19 Loom
11:28 Feudal Age
15:37 Castle Age
38:40 Imperial Age
Connection lost

Rejoining the realm…

Still unreachable

The connection could not be restored.

Session expired

The server has moved on; the page needs a fresh start.